 Dungeon Crawl Stone Soup version 0.25-a0-834-g55863b0b92 (webtiles) character file.

Game seed: 5065639477032947905, levelgen mode: deterministic

15 Maedhros the Charlatan (level 2, -5/18 HPs)
             Began as an Octopode Artificer on Apr 23, 2020.
             Killed from afar by a dart slug (7 damage)
             ... with a slug dart
             ... on level 1 of the Dungeon.
             The game lasted 00:00:14 (137 turns).

Maedhros the Charlatan (Octopode Artificer)          Turns: 137, Time: 00:00:14

Health: -5/18      AC:  1    Str: 11    XL:     2   Next: 50%
Magic:  4/4        EV: 13    Int: 13    God:
Gold:   0          SH:  0    Dex: 12    Spells: 1/1 levels left

rFire    . . .     SeeInvis .   a - +0 short sword
rCold    . . .     Gourm    .   (no shield)
rNeg     . . .     Faith    .   (helmet restricted)
rPois    .         Spirit   .   (no amulet)
rElec    .         Reflect  .   (no ring)
rCorr    .         Harm     .   (no ring)
MR       .....                  (no ring)
Stlth    +++.......             (no ring)
HPRegen  0.06/turn              (no ring)
MPRegen  0.09/turn              (no ring)
                                (no ring)
                                (no ring)

@: no status effects
A: almost no armour, stealthy swim, amphibious, 8 rings, constrict 8, camouflage
1, gelatinous body 1
a: no special abilities


You were on level 1 of the Dungeon.
You were not hungry.

You visited 1 branch of the dungeon, and saw 1 of its levels.

Inventory:

Hand Weapons
 a - a +0 short sword (weapon)
Wands
 b - a wand of flame (15)
 c - a wand of enslavement (15)
 d - a wand of random effects (15)
Scrolls
 g - a scroll of amnesia {unknown}
Potions
 e - a potion of brilliance {unknown}
Comestibles
 f - 2 rations


   Skills:
 - Level 1.0 Fighting
 - Level 1.0 Short Blades
 - Level 2.0 Dodging
 + Level 2.6 Stealth
 + Level 3.7 Evocations


You had one spell level left.
You didn't know any spells.
Your spell library was empty.

Dungeon Overview and Level Annotations

Branches:
Dungeon (1/15)

Altars:


Innate Abilities, Weirdness & Mutations

You cannot wear most types of armour.
You are very stealthy in the water. (Stealth+)
You are amphibious.
You can wear up to eight rings at the same time.
You can use your tentacles to constrict eight enemies at once.
Your skin changes colour to match your surroundings (Stealth+).
Your rubbery body absorbs attacks. (AC +1, EV +1)


Message History

You are too injured to fight recklessly!
You miss the leopard gecko. Your grab misses the leopard gecko.
You squeeze the leopard gecko.
You kill the leopard gecko!
A hobgoblin comes into view. It is wielding a +0 club.
The leopard gecko barely misses you. The leopard gecko closely misses you.
The hobgoblin shouts!
You hit the kobold. Your grab misses the kobold.
The kobold is heavily wounded.
The leopard gecko closely misses you. The kobold misses you. The rat bites you.
You hit the leopard gecko.
You kill the leopard gecko!
A rat comes into view.
The kobold hits you with a cursed -1 dagger.
* * * LOW HITPOINT WARNING * * *
The rat closely misses you.
You barely miss the rat. You grab the rat. You constrict the rat.
The dart slug launches a dart at you. The slug dart hits you!
You die...

......# ♣♣♣...#
#......... #
#♣..# #.....r...
♣..# #..^...... #
#♣..#######
#....gw...
♣♣♣..........
#.........
.............
#.........
#####........
#rK†......
#........ #.@.#
#........ #†..#
#.........#...#
##
#########.#...###
... ...........#
.... .#.........#
.... #.........#
.... #.........#
.... #.........#


You could see a dart slug, a hobgoblin, a kobold and 2 rats.

Vanquished Creatures
  3 leopard geckos (D:1)
  A bat (D:1)
  A hobgoblin (D:1)
  4 goblins (D:1)
  3 rats (D:1)
12 creatures vanquished.

Notes
Turn   | Place    | Note
-------+----------+-------------------------------------------
     0 | D:1      | Maedhros the Octopode Artificer began the quest for the
                  | Orb.
     0 | D:1      | Reached XP level 1. HP: 13/13 MP: 3/3
    70 | D:1      | Reached XP level 2. HP: 18/18 MP: 4/4
   137 | D:1      | Killed from afar by a dart slug

Levels and vault maps discovered:
D:1:      evilmike_arrival_hilbert_curve, layout_basic, minmay_stone_trees_small

Skill      XL: |  1 |
---------------+----+-----
Stealth        | 2 |  2.6
Fighting       | |  1.0
Short Blades   | |  1.0
Dodging        | |  2.0
Evocations     | |  3.7

Action                   || total
-------------------------++-------
Melee: Short sword       ||    22
       Constrict         ||     7
       Tentacles         ||     2
 Stab: Sleeping          ||     1
Armor: Skin              ||     1
Dodge: Dodged            ||    18

Table legend:
 A = Non-vault XP
 B = Vault XP
 C = Vault XP percentage of total XP
 D = Non-vault monster count
 E = Vault monster count
 F = Vault count percentage of total count
                 A         B        C        D         E       F
            +---------+---------+-------+---------+---------+-------
      Total |      22 |       0 |   0.0 |      12 |       0 |   0.0
            +---------+---------+-------+---------+---------+-------
        D:1 |      22 |       0 |   0.0 |      12 |       0 |   0.0
            +---------+---------+-------+---------+---------+-------
